 Dungeon Crawl Stone Soup version 0.30-a0-354-g6b83867211 (webtiles) character file.

Game seed: 15690131628733551689

254 iguanaiguana the Shooter (level 5, -2/25 HPs)
             Began as a Spriggan Hexslinger on Nov 8, 2022.
             Slain by a gnoll
             ... wielding a +0 halberd
              (7 damage)
             ... on level 4 of the Dungeon.
             The game lasted 00:05:03 (2474 turns).

iguanaiguana the Shooter (Spriggan Hexslinger)      Turns: 2474, Time: 00:05:04

Health: -2/25      AC:  2    Str:  6    XL:     5   Next: 91%
Magic:  8/8        EV: 17    Int: 14    God:
Gold:   139        SH:  0    Dex: 18    Spells: 5/6 levels left

rFire   . . .      SeeInvis +    a - +1 sling
rCold   . . .      Faith    .    (no shield)
rNeg    . . .      Spirit   .    c - +0 robe
rPois   .          Reflect  .    (helmet restricted)
rElec   .          Harm     .    (no cloak)
rCorr   .          Rampage  .    (gloves unavailable)
Will    .....                    (boots unavailable)
Stlth   ++........               (no amulet)
HPRegen 0.24/turn                (no ring)
MPRegen 0.11/turn                (no ring)

@: very quick
A: very small, no large weapons, unfitting armour, see invisible, speed 3
a: no special abilities


You were on level 4 of the Dungeon.
You visited 1 branch of the dungeon, and saw 4 of its levels.

You collected 139 gold pieces.

Inventory:

Hand Weapons
 a - a +1 sling (weapon)
Missiles
 e - 6 datura-tipped darts
 g - 6 javelins
Armour
 c - a +0 robe (worn)
 h - a +0 buckler
 n - a +0 buckler
Jewellery
 l - a ring of wizardry
Scrolls
 b - 3 scrolls of poison
 d - a scroll of immolation {unknown}
 f - a scroll of torment {unknown}
 i - a scroll of vulnerability {unknown}
 j - 3 scrolls of fog {unknown}
 k - a scroll of amnesia {unknown}
 s - a scroll of identify {unknown}
Potions
 m - a potion of degeneration {unknown}
 o - a potion of heal wounds {unknown}
 p - a potion of might {unknown}
 q - a potion of magic {unknown}
 r - a potion of mutation {unknown}


   Skills:
 - Level 0.7 Fighting
 + Level 6.1 Ranged Weapons
 - Level 2.6 Dodging
 - Level 1.3 Spellcasting
 - Level 3.6 Hexes
 - Level 1.0 Fire Magic


You had 5 spell levels left.
You knew the following spells:

 Your Spells              Type           Power      Damage    Failure   Level
a - Slow                  Hex            44%        N/A       6%          1

Your spell library contained the following spells:

 Spells                   Type           Power      Damage    Failure   Level
 Sandblast                Erth           0%         2d4       26%         1
 Inner Flame              Hex/Fire       7%         N/A       30%         3
 Passwall                 Tmut/Erth      0%         N/A       36%         2
 Portal Projectile        Hex/Tloc       12%        N/A       36%         3
 Cause Fear               Hex            5%         N/A       50%         4
 Stone Arrow              Conj/Erth      0%         3d7       58%         3


Dungeon Overview and Level Annotations

Branches:
Dungeon (4/15) Zot: 22200
 Temple: D:4-7

Altars:

Annotations:
D:2 Sigmund


Innate Abilities, Weirdness & Mutations

You are very small and have problems with some larger weapons.
You are too small for most types of armour.
You have supernaturally acute eyesight. (SInv)
You cover ground extremely quickly. (Speed+++)


Message History

The gnoll is lightly wounded.
You hear a shout!
You shoot a sling bullet. The sling bullet hits the gnoll!
The gnoll is severely wounded.
You hear a shout!
A gnoll comes into view. It is wielding a +0 flail.
The gnoll hits you with a +0 whip.
The gnoll moves out of view.
You shoot a sling bullet. The sling bullet hits the gnoll.
The gnoll is almost dead.
You shoot a sling bullet. The sling bullet hits the gnoll!
The gnoll is heavily wounded.
The gnoll seems to slow down.
You shoot a sling bullet. The gnoll is heavily wounded.
You shoot a sling bullet. The gnoll is heavily wounded.
You shoot a sling bullet. The sling bullet hits the gnoll.
You kill the gnoll!
You shoot a sling bullet. The gnoll is almost dead.
You shoot a sling bullet.
The sling bullet barely misses the gnoll. x2
The sling bullet hits the gnoll.
The gnoll is lightly wounded.
You shoot a sling bullet.
The sling bullet closely misses the gnoll.
The sling bullet barely misses the gnoll. x2
You shoot a sling bullet.
The sling bullet barely misses the gnoll.
The sling bullet closely misses the gnoll.
The sling bullet hits the gnoll.
The gnoll is heavily wounded.
The gnoll hits you with a +0 whip!
You shoot a sling bullet. The sling bullet hits the gnoll.
You kill the gnoll!
The gnoll hits you from afar with a +0 halberd!
Ouch! That really hurt!
* * * LOW HITPOINT WARNING * * *
The gnoll hits you from afar with a +0 halberd!
You die...

#.# .# #.# .# #.# $$
#.# g# #># g#
#.###### .# #......#
######.#
######.#######....(.#
#..@)gg)...#####
#########.## ###


You could see 2 gnolls.

Vanquished Creatures
  A scorpion (D:3)
  A jelly (D:3)
  Jessica (D:3)
  An orc wizard (D:3)
  2 adders
  2 gnolls (D:4)
  4 worms
  4 dart slugs
  5 orcs (D:3)
  7 ball pythons
  3 endoplasms
  5 giant cockroaches
  3 goblins
  8 hobgoblins
  8 bats
  6 frilled lizards
  5 kobolds
  4 rats
70 creatures vanquished.

Vanquished Creatures (others)
  A plant (D:1)
1 creature vanquished.

Grand Total: 71 creatures vanquished

Notes
Turn   | Place    | Note
-------+----------+-------------------------------------------
     0 | D:1      | iguanaiguana the Spriggan Hexslinger began the quest for
                  | the Orb.
     0 | D:1      | Reached XP level 1. HP: 9/9 MP: 3/3
    91 | D:1      | Reached XP level 2. HP: 13/14 MP: 1/5
   198 | D:1      | Reached skill level 3 in Ranged Weapons
   478 | D:1      | Reached XP level 3. HP: 17/17 MP: 2/6
   993 | D:2      | Noticed Sigmund
  1475 | D:3      | Reached skill level 4 in Ranged Weapons
  1621 | D:3      | Noticed a scorpion
  1649 | D:3      | Killed a scorpion
  1650 | D:3      | Reached skill level 5 in Ranged Weapons
  1650 | D:3      | Reached XP level 4. HP: 21/21 MP: 4/7
  1795 | D:3      | Reached XP level 5. HP: 11/25 MP: 5/8
  1875 | D:3      | Noticed Jessica
  1882 | D:3      | Killed Jessica
  2065 | D:3      | Reached skill level 1 in Fire Magic
  2404 | D:4      | Reached skill level 6 in Ranged Weapons
  2474 | D:4      | Slain by a gnoll

Illustrated notes

Levels and vault maps discovered:
D:1:      kennysheep_arrival_seaside, layout_basic
D:2:      layout_basic, basic_altar, uniq_sigmund
D:3:      layout_basic, corexii_item_surrounded_by_moat,
          kennysheep_big_empty_room, grunt_ministairs_6, uniq_jessica
D:4:      layout_loops_cross, serial_undead, serial_undead_b, serial_undead_f,
          serial_undead_a, serial_undead_d, minivault_5

Skill      XL: |  1  2  3  4  5 |
---------------+----------------+-----
Ranged Weapons | 3 5 6 |  6.1
Fire Magic     | 1 |  1.0
Fighting       | |  0.7
Dodging        | |  2.6
Spellcasting   | |  1.3
Hexes          | |  3.6

Action                   |  1- 3 |  4- 6 || total
-------------------------+-------+-------++-------
 Fire: Sling             |   157 |    93 ||   250
 Cast: Slow              |    22 |     9 ||    31
Armor: Robe              |     9 |     4 ||    13
Dodge: Dodged            |    51 |    14 ||    65

Table legend: (Time is in decaauts)
 A = Elapsed time spent in this place.
 B = Non-inter-level travel time spent in this place.
 C = Inter-level travel time spent in this place.
 D = Time resting spent in this place.
 E = Time spent auto-exploring this place.
 F = Levels seen in this place.
 G = Mean time per level.
                   A        B        C        D        E       F      G
               +--------+--------+--------+--------+--------+-----+--------+
         Total |   1798 |   1742 |     56 |     28 |   1251 |   4 |  449.5 |
       Dungeon |   1798 |   1742 |     56 |     28 |   1251 |   4 |  449.5 |
               +--------+--------+--------+--------+--------+-----+--------+

Top non-repeatable levels by time:
     D:1: 683 daAuts
     D:3: 627 daAuts
     D:2: 391 daAuts
     D:4: 96 daAuts
